 Dungeon Crawl Stone Soup version 0.19.4-8-ga85b6b9 (webtiles) character file.

1815 helicases the Ducker (level 8, -3/79 HPs)
             Began as a Troll Fighter on Feb 7, 2017.
             Was a Priest of Elyvilon.
             Slain by an unseen horror (10 damage)
             ... on level 10 of the Dungeon.
             The game lasted 00:39:48 (3216 turns).

helicases the Ducker (Troll Fighter)                Turns: 3216, Time: 00:39:48

Health: -3/79      AC:  5    Str: 27    XL:     8   Next: 85%
Magic:  6/8        EV: 11    Int:  4    God:    Elyvilon [***...]
Gold:   380        SH: 10    Dex:  9    Spells: 0 memorised, 7 levels left

rFire  . . .     SeeInvis .     s - +1 whip (elec)
rCold  + . .     Gourm    +     b - +0 robe
rNeg   . . .     Faith    .     c - +0 shield
rPois  .         Spirit   .     (helmet restricted)
rElec  .         Reflect  .     (no cloak)
rCorr  .         Harm     .     (gloves unavailable)
MR     .....                    (boots unavailable)
Stlth  +.........               (no amulet)
                                (no ring)
                                t - ring of protection from cold

@: no status effects
A: unfitting armour, claws 3, fast metabolism 3, gourmand, regeneration 1,
shaggy fur 1, tough skin 2
a: Lesser Healing, Heal Other, Purification, Divine Protection, Renounce
Religion


You were on level 10 of the Dungeon.
You worshipped Elyvilon.
Elyvilon was most pleased with you.
You were not hungry.

You visited 1 branch of the dungeon, and saw 10 of its levels.

You collected 380 gold pieces.

Inventory:

Hand Weapons
 a - a +0 flail
 e - a +0 whip of venom
 f - a +0 giant spiked club
 m - a cursed +0 short sword
 s - a +1 whip of electrocution (weapon)
 u - a +0 war axe
 y - a +0 giant club
 z - a +0 falchion
 A - a +1 vampiric long sword
 I - a +2 flail of protection
Missiles
 j - 176 stones
 r - 21 sling bullets
 C - 9 poisoned needles (quivered)
 F - 9 tomahawks
Armour
 b - a +0 robe (worn)
 c - a +0 shield (worn)
 o - a +0 robe
 B - a +1 pair of gloves
 J - a cursed +0 chain mail
Jewellery
 t - a ring of protection from cold (left claw)
Wands
 H - a wand of random effects (32/48)
Scrolls
 g - 4 scrolls of recharging
 h - 2 scrolls of identify
 i - a scroll of enchant armour {unknown}
 k - 2 scrolls of remove curse
 p - a scroll of blinking {unknown}
 q - 2 scrolls of random uselessness {unknown}
 v - a scroll of magic mapping {unknown}
 w - 2 scrolls of teleportation
 K - a scroll of amnesia {unknown}
 N - a scroll of enchant weapon {unknown}
Potions
 d - a potion of might
 l - 2 potions of flight
 n - a potion of brilliance {unknown}
 D - a potion of curing {unknown}
 E - a potion of cure mutation
 G - a potion of agility {unknown}
Miscellaneous
 M - a phantom mirror
Comestibles
 x - 5 chunks of flesh
 L - a bread ration


   Skills:
 + Level 4.7 Fighting
 - Level 3.0 Maces & Flails
 + Level 1.7 Throwing
 + Level 5.8 Dodging
 + Level 1.3 Stealth
 + Level 5.6 Shields
 + Level 2.5 Invocations


You had 7 spell levels left.
You didn't know any spells.

Dungeon Overview and Level Annotations

Branches:
Dungeon (10/15)
 Temple: D:4-7         Lair: D:8-11         Orc: D:9-12

Altars:
Elyvilon
Gozag
Makhleb
Sif Muna
Trog
The Shining One


Innate Abilities, Weirdness & Mutations

You are too large for most types of armour.
You have claws for hands.
Your metabolism is lightning-fast.
You like to eat raw meat.
Your natural rate of healing is unusually fast.
You are covered in fur. (AC +1)
You have very tough skin. (AC +2)


Message History

You see here a poisoned needle.
Something hits you.
Tossing away (i - inventory. (,) - cycle):
C - 10 poisoned needles (quivered)
Press: ? - help, Shift-Dir - straight line You toss away a poisoned needle.
Something hits you but does no damage.
You hit something but do no damage. Something completely misses you.
You are healed.
You feel somewhat more hungry. Something hits you.
Something hits you but does no damage. Something hits you. x2
Something hits you. You block something's attack.
Found a stone staircase leading down.
You are healed.
You feel somewhat more hungry. Something hits you! x2
You closely miss something. Something hits you! Something hits you!
* * * LOW HITPOINT WARNING * * *
It was a potion of cure mutation.
It has a very clean taste.
Something hits you!
* * * LOW HITPOINT WARNING * * *
Something hits you!
You die...

. ..##.#
.###.##.#
..#.##<#
#.#.##.#
#.#(##.#
#..(.#.#
##.#...#
#{...###
#@#.......
#)########
..# ....
.#### ..
.. #>


There were no monsters in sight!

Vanquished Creatures
  2 hippogriffs (D:9)
  Edmund (D:6)
  An orc warrior (D:8)
  3 ogres
  2 bullfrogs
  A water moccasin skeleton (D:4)
  A howler monkey (D:5)
  A crimson imp (D:4)
  A bullfrog zombie (D:8)
  3 hounds
  2 orc priests
  A centaur skeleton (D:4)
  A bullfrog skeleton (D:5)
  An iguana (D:5)
  5 worker ants
  7 orc wizards
  8 adders
  An ooze (D:1)
  An adder skeleton (D:6)
  2 worms
  A dart slug (D:3)
  4 leopard geckos
  27 orcs
  2 ball pythons (D:2)
  A giant cockroach (D:3)
  4 hobgoblins
  11 jackals
  2 bats
  2 frilled lizards
  5 kobolds (D:2)
  A leopard gecko zombie (D:5)
105 creatures vanquished.

Notes
Turn   | Place    | Note
-------+----------+-------------------------------------------
     0 | D:1      | helicases the Troll Fighter began the quest for the Orb.
     0 | D:1      | Reached XP level 1. HP: 22/22 MP: 0/0
   114 | D:2      | Reached XP level 2. HP: 29/29 MP: 1/1
   189 | D:2      | Reached XP level 3. HP: 34/36 MP: 2/2
   298 | D:2      | Found a white marble altar of Elyvilon.
   305 | D:2      | Became a worshipper of Elyvilon the Healer
   548 | D:3      | Found a burning altar of Makhleb.
   548 | D:3      | Found a bloodstained altar of Trog.
   557 | D:3      | Found a faded altar of an unknown god.
   564 | D:3      | Found a faded altar of an unknown god.
   566 | D:3      | Found a deep blue altar of Sif Muna.
   804 | D:3      | Found an opulent altar of Gozag.
   832 | D:3      | Reached * piety under Elyvilon
   852 | D:3      | Found a glowing golden altar of the Shining One.
   915 | D:3      | You fall through a shaft!
   979 | D:4      | Reached XP level 4. HP: 40/44 MP: 3/3
  1111 | D:4      | Reached XP level 5. HP: 42/52 MP: 4/4
  1379 | D:4      | Reached XP level 6. HP: 39/61 MP: 1/5
  1662 | D:4      | Reached skill level 1 in Invocations
  1733 | D:5      | Entered Level 5 of the Dungeon
  1733 | D:5      | Reached ** piety under Elyvilon
  1793 | D:5      | Reached XP level 7. HP: 39/67 MP: 3/6
  2227 | D:6      | Reached skill level 1 in Throwing
  2278 | D:6      | Noticed Edmund
  2297 | D:6      | Killed Edmund
  2297 | D:6      | Reached skill level 1 in Stealth
  2462 | D:7      | Reached XP level 8. HP: 76/78 MP: 8/8
  2490 | D:7      | Reached skill level 5 in Dodging
  2606 | D:8      | Reached skill level 5 in Shields
  2832 | D:9      | Reached *** piety under Elyvilon
  2927 | D:9      | Noticed a hippogriff
  2936 | D:9      | Killed a hippogriff
  3101 | D:9      | Noticed a hippogriff
  3114 | D:9      | Killed a hippogriff
  3190 | D:10     | Entered Level 10 of the Dungeon
  3216 | D:10     | Slain by an unseen horror

Skill      XL: |  1  2  3  4  5  6  7  8 |
---------------+-------------------------+-----
Maces & Flails | 2 3 |  3.0
Dodging        | 3 4 5 |  5.8
Shields        | 3 4 5 |  5.6
Fighting       | 3 4 |  4.7
Invocations    | 1 2 |  2.5
Throwing       | 1 |  1.7
Stealth        | 1 |  1.3

Action                   |  1- 3 |  4- 6 |  7- 9 || total
-------------------------+-------+-------+-------++-------
Melee: Flail             |   123 |       |       ||   123
       Whip              |     3 |   150 |   160 ||   313
Throw: Stone             |     3 |     4 |     6 ||    13
       Tomahawk          |       |       |     2 ||     2
Invok: Lesser Healing    |       |    14 |    18 ||    32
  Use: Scroll            |     2 |     4 |       ||     6
       Potion            |       |       |     1 ||     1
  Eat: Bread ration      |     2 |     2 |       ||     4
       Fruit             |       |     2 |     5 ||     7
       Meat ration       |       |       |     1 ||     1
       Chunk             |       |       |     7 ||     7
Armor: Robe              |    51 |    39 |    37 ||   127
Dodge: Dodged            |    52 |    39 |    59 ||   150
Block: Shield            |    78 |    68 |    75 ||   221
